 Dungeon Crawl Stone Soup version bcrawl-1.21.2-1-g32d02e0829 (webtiles) character file.

Game seed: 5218248098498146606

350 Mrkan the Chopper (level 6, -17/56 HPs)
             Began as a Minotaur Fighter on Feb 19, 2020.
             Was a Follower of Fedhas.
             Demolished by an orc warrior
             ... wielding a +0 glaive
              (21 damage)
             ... on level 4 of the Dungeon.
             The game lasted 00:03:29 (2618 turns).

Mrkan the Chopper (Minotaur Fighter)                Turns: 2618, Time: 00:03:30

Health: -17/56     AC:  7    Str: 21    XL:     6   Next: 34%
Magic:  5/5        EV:  7    Int:  5    God:    Fedhas [*.....]
Gold:   212        SH: 10    Dex: 11    Spells: 5/5 levels left

rFire    . . .     SeeInvis .   a - +0 war axe
rCold    . . .     Gourm    .   c - +0 shield
rNeg     . . .     Faith    .   b - +0 scale mail
rPois    .         Spirit   .   (helmet restricted)
rElec    .         Reflect  .   (no cloak)
rCorr    .         Harm     .   (no gloves)
MR       .....                  (no boots)
Stlth    ..........             (no amulet)
HPRegen  0.18/turn              (no ring)
MPRegen  0.09/turn              (no ring)

@: no status effects
A: retaliatory headbutt, horns 2
a: Fungal Bloom, Sunlight, Renounce Religion


You were on level 4 of the Dungeon.
You worshipped Fedhas.
Fedhas was aware of your devotion.
You were not hungry.

You visited 1 branch of the dungeon, and saw 4 of its levels.

You collected 212 gold pieces.

Inventory:

Hand Weapons
 a - a +0 war axe (weapon)
Armour
 b - a +0 scale mail (worn)
 c - a +0 shield (worn)
Jewellery
 k - an uncursed ring of stealth {unknown}
 r - an uncursed ring of wizardry {unknown}
Wands
 i - a wand of disintegration (9)
Scrolls
 f - 8 scrolls of identify {unknown}
 h - a scroll of enchant armour {unknown}
 j - 4 scrolls of remove curse {unknown}
 n - a scroll of teleportation {unknown}
 q - a scroll of enchant weapon {unknown}
 s - a scroll of fear {unknown}
 u - a scroll of noise {unknown}
Potions
 d - a potion of might
 g - a potion of magic {unknown}
 l - a potion of brilliance {unknown}
 m - a potion of invisibility {unknown}
 o - a potion of curing
 p - a potion of berserk rage {unknown}
Comestibles
 e - 15 rations {!d}
 t - 2 chunks of flesh


   Skills:
 + Level 5.0 Fighting
 * Level 5.5 Axes
 + Level 5.0 Armour
 + Level 5.0 Shields


You had 5 spell levels left.
You didn't know any spells.
Your spell library contained the following spells:

 Spells                   Type           Power        Failure   Level  Hunger
 Animate Skeleton         Necr           N/A          99%         1    ##.....
 Pain                     Necr           #.....       99%         1    ##.....
 Regeneration             Chrm/Necr      #.........   100%        3    ####...
 Vampiric Draining        Necr           #.........   100%        3    ####...
 Animate Dead             Necr           N/A          100%        4    #####..
 Bolt of Draining         Conj/Necr      #.........   100%        5    ######.


Dungeon Overview and Level Annotations

Branches:
Dungeon (4/12)
 Temple: D:4-7

Altars:
Elyvilon
Fedhas
Hepliaklqana
Yredelemnul
Zin


Innate Abilities, Weirdness & Mutations

You reflexively headbutt those who attack you in melee.
You have a pair of horns on your head.


Message History

You see here 160 stones.
You hit the orc warrior but do no damage.
You headbutt the orc warrior, but do no damage.
You slash the bullfrog skeleton! The bullfrog skeleton hits you.
You block the bullfrog skeleton's attack.
The orc warrior hits you with a +0 glaive!
* * * LOW HITPOINT WARNING * * *
You slash the orc warrior! You headbutt the orc warrior.
The orc warrior is moderately wounded.
You slash the bullfrog skeleton! The bullfrog skeleton hits you.
* * * LOW HITPOINT WARNING * * *
You block the orc warrior's attack.
The bullfrog skeleton hits you but does no damage.
You hit the orc warrior but do no damage.
The orc warrior is moderately wounded.
You barely miss the bullfrog skeleton.
The bullfrog skeleton hits you but does no damage.
The orc warrior hits you with a +0 glaive!!
You die...
Fedhas appreciates your contribution to the ecosystem.

#### ...# . ##.#
#####... .#.#
###.....# .#.#
###...## ...#
###...#..#
.#######...####.##
.###.....### #o@#
.....##.## ##Z#
#######..# #..
##.# ##.# .. ..
#.# ### .. #.. .##


You could see an orc warrior and a bullfrog skeleton.

Vanquished Creatures
  Duvessa (D:4)
  A jelly (D:4)
  A crimson imp (D:4)
  A hound (D:4)
  A centaur skeleton (D:4)
  A gnoll (D:1)
  3 adders
  An ooze (D:3)
  5 worms
  A dart slug (D:1)
  3 leopard geckos
  3 orcs
  A ball python (D:1)
  A giant cockroach (D:2)
  5 goblins
  6 hobgoblins
  7 jackals
  5 bats
  6 frilled lizards
  6 kobolds
  6 rats
65 creatures vanquished.

Notes
Turn   | Place    | Note
-------+----------+-------------------------------------------
     0 | D:1      | Mrkan the Minotaur Fighter began the quest for the Orb.
     0 | D:1      | Reached XP level 1. HP: 19/19 MP: 0/0
   190 | D:1      | Reached XP level 2. HP: 27/27 MP: 1/1
   352 | D:1      | Reached XP level 3. HP: 33/33 MP: 2/2
  1090 | D:2      | Found a blossoming altar of Fedhas.
  1118 | D:2      | Became a worshipper of Fedhas Madash
  1199 | D:2      | Reached XP level 4. HP: 39/40 MP: 3/3
  1382 | D:2      | Found a hazy altar of Hepliaklqana.
  1440 | D:2      | Found a white marble altar of Elyvilon.
  1912 | D:3      | Found a basalt altar of Yredelemnul.
  1997 | D:3      | Found a glowing silver altar of Zin.
  2337 | D:4      | Reached XP level 5. HP: 47/47 MP: 4/4
  2488 | D:4      | Noticed Duvessa
  2510 | D:4      | Killed Duvessa
  2510 | D:4      | Reached skill level 5 in Axes
  2510 | D:4      | Reached XP level 6. HP: 38/55 MP: 5/5
  2513 | D:4      | Reached skill level 5 in Shields
  2609 | D:4      | Noticed an orc warrior
  2613 | D:4      | Reached * piety under Fedhas
  2613 | D:4      | Reached skill level 5 in Fighting
  2613 | D:4      | Reached skill level 5 in Armour
  2618 | D:4      | Demolished by an orc warrior

Skill      XL: |  1  2  3  4  5  6 |
---------------+-------------------+-----
Axes           | 3 4 5 |  5.5
Shields        | 4 5 |  5.0
Armour         | 4 5 |  5.0
Fighting       | 4 5 |  5.0

Action                   |  1- 3 |  4- 6 || total
-------------------------+-------+-------++-------
Melee: War axe           |    83 |    96 ||   179
       Headbutt          |    14 |    22 ||    36
  Eat: Chunk             |     1 |     5 ||     6
Armor: Scale mail        |    47 |    51 ||    98
Dodge: Dodged            |    19 |    20 ||    39
Block: Shield            |    52 |    59 ||   111
